 Dungeon Crawl Stone Soup version 0.28.0-43-g3370ac3207 (webtiles) character file.

Game seed: 683978586111807096

91849 demenzo the Fencer (level 16, -4/123 HPs)
             Began as a Djinni Cinder Acolyte on Mar 8, 2022.
             Was an Initiate of Okawaru.
             Slain by a two-headed ogre
             ... wielding a +0 giant spiked club
             ... anointed by Ignis
              (19 damage)
             ... on level 2 of the Orcish Mines.
             The game lasted 01:45:48 (42619 turns).

demenzo the Fencer (Djinni Cinder Acolyte)         Turns: 42619, Time: 01:45:48

Health: -4/123     AC: 21    Str: 17    XL:     16   Next: 51%
Gold:   1427       EV: 14    Int: 22    God:    Okawaru [......] SH: 12 Dex: 12

rFire   . . .      SeeInvis +   a - +4 double sword of Terror {speed, Fly rCorr Str+2}
rCold   . . .      Faith    .   g - +2 buckler {AC+3}
rNeg    . . .      Spirit   .   R - +1 leather armour {rC+}
rPois   ∞          Reflect  +   o - +2 helmet {SInv}
rElec   .          Harm     .   M - +2 cloak
rCorr   +          Rampage  .   f - +1 pair of gloves {Dex+3}
Will    ++...                   (boots unavailable)
Stlth   +.........              n - amulet of reflection
HPRegen 0.30/turn               e - +4 ring of protection
MPRegen 0.00/turn               A - ring of willpower

@: flying, fire susceptible
A: sickness immunity, fire resistance 2, cold vulnerability 1, float, innate
caster, HP casting, extra vitality 1
a: Renounce Religion


You were on level 2 of the Orcish Mines.
You worshipped Okawaru.
Okawaru was noncommittal.
You visited 4 branches of the dungeon, and saw 23 of its levels.
You also visited: Bailey.

You collected 1872 gold pieces.
You spent 445 gold pieces at shops.

Inventory:

Hand Weapons
 a - the +4 double sword of Terror (weapon) {speed, Fly rCorr Str+2}
   (You acquired it on level 3 of the Lair of Beasts)

   Attacks with this weapon are significantly faster.
   Str:       It affects your strength (+2).
   Fly:       It grants you flight.
   rCorr:     It protects you from acid and corrosion.
 b - a +2 demon blade of venom
 h - the +5 scimitar "Pendulum" {freeze, rN+ Will+}
   (You found it on level 5 of the Lair of Beasts)

   It freezes those it strikes, dealing additional cold damage.
   It can also slow down cold-blooded creatures.
   rN:        It protects you from negative energy.
   Will:      It increases your willpower.
 x - the +5 rapier of Irritation {flame, rElec rPois Will+ Int+4}
   (You found it on level 4 of the Lair of Beasts)

   It burns those it strikes, dealing additional fire damage.
   Int:       It affects your intelligence (+4).
   rElec:     It insulates you from electricity.
   rPois:     It protects you from poison.
   Will:      It increases your willpower.
 L - a +0 scimitar of flaming
Missiles
 r - 117 bolts
 u - 11 boomerangs (quivered)
 w - 172 sling bullets
 C - 10 atropa-tipped darts
 E - 4 throwing nets
 U - 2 boomerangs of dispersal
 Z - 7 curare-tipped darts
Armour
 f - a +1 pair of gloves of dexterity (worn)
 g - a +2 buckler of protection (worn)
 o - a +2 helmet of see invisible (worn)
 M - a +2 cloak (worn)
 R - a +1 leather armour of cold resistance (worn)
 Y - +0 acid dragon scales
Magical Staves
 I - a staff of cold
Jewellery
 e - a +4 ring of protection (left hand)
 k - a ring of protection from fire
 n - an amulet of reflection (around neck)
 A - a ring of willpower (right hand)
 K - a +6 ring of strength
 P - a +6 ring of intelligence
Wands
 y - a wand of flame (79)
 z - a wand of iceblast (10)
 H - a wand of mindburst (5)
 J - a wand of digging (8)
 O - a wand of acid (4)
 V - a wand of paralysis (1)
 W - a wand of polymorph (6)
Scrolls
 c - 5 scrolls of fog
 i - a scroll of holy word
 p - 4 scrolls of fear
 s - 8 scrolls of teleportation
 D - a scroll of blinking
 F - 5 scrolls of identify
 Q - a scroll of summoning
 T - 2 scrolls of magic mapping
 X - 2 scrolls of silence
Potions
 d - a potion of berserk rage
 j - 8 potions of heal wounds
 l - 10 potions of brilliance
 m - 3 potions of haste
 q - 2 potions of attraction
 B - 2 potions of ambrosia
 G - a potion of cancellation
 N - 4 potions of curing
 S - 4 potions of might
Miscellaneous
 t - a tin of tremorstones (2/2)
 v - a piece from Xom's chessboard (15/15)


   Skills:
 + Level 14.1 Fighting
 - Level 16.0 Long Blades
 + Level 7.7 Armour
 + Level 8.6 Dodging
 - Level 4.0 Shields
 + Level 11.1 Spellcasting


You had 10 spell levels left.
You knew the following spells:

 Your Spells              Type           Power      Damage    Failure   Level
a - Scorch                Fire           100%       2d10      1%          2
b - Shock                 Conj/Air       100%       1d9       1%          1
c - Searing Ray           Conj           100%       2d8       1%          2
d - Portal Projectile     Hex/Tloc       100%       N/A       1%          3
e - Anguish               Hex/Necr       28%        N/A       1%          4
f - Sticky Flame          Conj/Fire      57%        2d7       1%          4
g - Irradiate             Conj/Tmut      28%        3d22      2%          5
h - Eringya's Noxious Bo  Tmut/Pois      28%        N/A       13%         6
Your spell library was empty.

Dungeon Overview and Level Annotations

Branches:
Dungeon (14/15)            Temple (1/1) D:6            Lair (6/6) D:10
 Shoals (0/4) Lair:3       Spider (0/4) Lair:3        Slime (0/5) Lair:6
    Orc (2/2) D:12         Vaults (0/5) D:14         Bailey (visited)
    Elf: Orc:2

Altars:
Ashenzari
Cheibriados
Dithmenos
Elyvilon
Fedhas
Gozag
Hepliaklqana
Kikubaaqudgha
Makhleb
Nemelex Xobeh
Okawaru
Qazlal
Ru
Sif Muna
Trog
Uskayaw
Vehumet
Wu Jian
Xom
Yredelemnul
Zin
The Shining One
Beogh

Shops:
D:2 [   D:8 (   D:10 =

Annotations:
D:9 2 transporters, sizableburger's ghost, journeyman NaEE
D:14 Louise; Roxanne
Lair:3 1 runed translucent door
Lair:5 exclusion: downstairs


Innate Abilities, Weirdness & Mutations

You are immune to sickness and miasma.
You are immune to poison.
Your flesh is very heat resistant. (rF++)
You are vulnerable to cold. (rC-)
You float through the air rather than walking.
You learn spells naturally, not from books.
Your magical power is your life essence.
You have superior vitality. (+4 MHP)


Message History

You block the two-headed ogre's attack. x2
An ogre comes into view. It is wielding a +0 giant club.
The ogre shouts!
You hear a shout!
The two-headed ogre misses you. The two-headed ogre barely misses you.
An ogre comes into view. It is wielding a +0 giant club.
The ogre shouts!
An ogre mage comes into view. It is wielding a +0 spear.
You block the two-headed ogre's attack.
The two-headed ogre hits you with a +0 giant club.
The ogre mage gestures at you while chanting.
You resist with almost no effort.
The two-headed ogre hits you with a +0 giant club!!
The two-headed ogre hits you with a +0 giant club!
* * * LOW HITPOINT WARNING * * *
You block the two-headed ogre's attack. x2
The two-headed ogre misses you. You block the two-headed ogre's attack.
Casting: Anguish (mildly dangerous; 1% risk of failure)
Confirm with . or Enter, or press ? or * to list all spells.
Aiming: Sticky Flame (mildly dangerous; 1% risk of failure)
Press: ? - help, Shift-Dir - straight line, f - two-headed ogre
Aim: a two-headed ogre, wielding two +0 giant clubs (fast, 100% to hit)
The sticky flame hits the two-headed ogre.
The two-headed ogre is lightly wounded.
The two-headed ogre is covered in liquid flames!
* * * LOW HITPOINT WARNING * * *
The two-headed ogre burns!
You block the two-headed ogre's attack. x2
The two-headed ogre burns!
You block the two-headed ogre's attack.
The two-headed ogre hits you with a +0 giant club!
* * * LOW HITPOINT WARNING * * *
The two-headed ogre burns!
Ignis anoints the two-headed ogre as an instrument of vengeance!
The two-headed ogre is coated in flames, covering ground quickly and attacking fiercely!
The two-headed ogre burns!
You block the two-headed ogre's attack.
The two-headed ogre hits you with a +0 giant club.
* * * LOW HITPOINT WARNING * * *
The two-headed ogre burns!
The two-headed ogre stops burning.
You block the two-headed ogre's attack. x2
The two-headed ogre hits you but does no damage.
The two-headed ogre hits you with a +0 giant spiked club!!
You die...

#...........### ##...##
#............## ##.....
###..........)..# ##......
####.......)...)).## #.......
.#..........#......#### ###......
...........##.....##..###........
...........#........####.........
.........####<##....#O.#.........
##.......###...#@O.O.O.OO..#.....
###......##......O....##.O.......
.#.........#.......#...###O......
#........###..........###........
##................#..## #.....#..
##.#.............#### #......##.
###...........### ##....##..
#...........## ###.####.
##........##.# ### ###


You could see 3 two-headed ogres, an ogre mage and 2 ogres.

Vanquished Creatures
  Rupert (D:12)
  Gastronok (D:11)
  Fannar (D:11)
  Erolcha (D:9)
  Harold (D:10)
  A hydra (shapeshifter) (D:10)
  2 boulder beetles
  12 hydras
  A catoblepas (D:10)
  3 centaur warriors
  Erica (Lair:1)
  15 death yaks
  8 two-headed ogres
  Sonja (Lair:2)
  A wizard (D:14)
  A necromancer (D:14)
  5 lindwurms (Lair:6)
  4 ugly things
  An orc knight (Bailey)
  3 manticores
  3 cyclopes
  8 elephants
  Maurice (D:8)
  A torpor snail (Lair:6)
  7 black mambas
  15 cane toads
  A gargoyle (D:12)
  4 rime drakes
  12 komodo dragons
  3 unseen horrors (D:12)
  A yaktaur (D:12)
  A freezing wraith (D:9)
  5 polar bears
  5 hornets
  6 trolls
  5 slime creatures
  6 dream sheep
  20 blink frogs
  3 culicivoras (Lair:3)
  10 spriggans (Lair:6)
  A jumping spider (Lair:3)
  3 shadows
  8 wyverns
  2 vampires
  A water elemental (D:14)
  3 wraiths
  40 yaks
  9 basilisks
  3 redbacks (Lair:3)
  12 vampire mosquitoes
  A steam dragon (D:9)
  Menkaure (D:7)
  18 water moccasins
  8 acid dragons
  A hornet zombie (D:6)
  2 sky beasts
  3 black bears (Lair:6)
  12 orc warriors
  2 necrophages
  7 boggarts
  3 ogres
  36 wolves
  8 centaurs
  A phantom (D:6)
  A kobold brigand (D:10)
  A gnoll sergeant (D:11)
  3 scorpions
  7 bullfrogs
  A wyvern skeleton (D:7)
  A water moccasin skeleton (D:4)
  8 killer bees
  10 wights
  An electric eel (D:14)
  2 howler monkeys
  A lava snake (D:8)
  2 bullfrog zombies (D:6)
  5 jellies
  7 centaur zombies
  A gnoll shaman (D:7)
  8 orc priests
  A hound (D:5)
  3 bullfrog skeletons
  A centaur skeleton (D:7)
  10 orc wizards
  Natasha (thrice) (D:3)
  2 iguanas (D:5)
  3 howler monkey zombies
  22 gnolls
  5 adders
  2 shadow imps
  2 white imps (D:7)
  2 ufetubi
  An adder zombie (D:5)
  A worm (D:1)
  A dart slug (D:4)
  81 orcs
  3 ball pythons
  6 bats
  7 endoplasms
  2 giant cockroaches
  10 goblins
  6 hobgoblins
  7 kobolds
  2 quokkas
  5 frilled lizards
  5 rats
618 creatures vanquished.

Vanquished Creatures (collateral kills)
  A troll (D:9)
1 creature vanquished.

Vanquished Creatures (others)
  3 two-headed ogres
  Urug (Orc:2)
  A manticore (D:13)
  A troll (D:9)
  A wyvern (D:8)
  Grum (D:10)
  2 bushes (Lair:6)
  113 foxfires
  81 fungi
  54 plants
258 creatures vanquished.

Grand Total: 877 creatures vanquished

Notes
Turn   | Place    | Note
-------+----------+-------------------------------------------
     0 | D:1      | demenzo the Djinni Cinder Acolyte began the quest for the
                  | Orb.
     0 | D:1      | Reached XP level 1. HP: 20/20 MP: 0/0
   294 | D:1      | Reached XP level 2. HP: 25/25 MP: 0/0
   311 | D:1      | Reached skill level 3 in Long Blades
   503 | D:1      | Found a faded altar of an unknown god.
   765 | D:1      | Reached XP level 3. HP: 28/30 MP: 0/0
   765 | D:1      | Learned a level 1 spell: Shock
  1419 | D:2      | Found a hazy altar of Hepliaklqana.
  1548 | D:2      | Found Vinuas's Antique Armour Shoppe.
  1859 | D:2      | Reached XP level 4. HP: 34/35 MP: 0/0
  2802 | D:3      | Noticed Natasha
  2829 | D:3      | Killed Natasha
  2830 | D:3      | Reached XP level 5. HP: 29/41 MP: 0/0
  2830 | D:3      | Learned a level 2 spell: Searing Ray
  3064 | D:3      | Noticed Natasha
  3067 | D:3      | Killed Natasha
  3068 | D:3      | Reached skill level 4 in Long Blades
  3499 | D:3      | Noticed Natasha
  3504 | D:3      | Killed Natasha
  4062 | D:4      | Reached XP level 6. HP: 41/47 MP: 0/0
  4085 | D:4      | Noticed an orc warrior
  4552 | D:4      | Reached skill level 5 in Long Blades
  5209 | D:4      | Reached XP level 7. HP: 38/53 MP: 0/0
  5209 | D:4      | Learned a level 3 spell: Portal Projectile
  5554 | D:2      | Bought a runed buckler for 202 gold pieces
  6413 | D:5      | Entered Level 5 of the Dungeon
  6418 | D:5      | Reached skill level 1 in Shields
  6774 | D:5      | Reached XP level 8. HP: 49/58 MP: 0/0
  7036 | D:5      | Reached skill level 5 in Fighting
  7138 | D:5      | Reached skill level 6 in Long Blades
  7606 | D:6      | Found a staircase to the Ecumenical Temple.
  9027 | D:5      | Reached XP level 9. HP: 58/66 MP: 0/0
  9027 | D:5      | Learned a level 4 spell: Anguish
  9085 | D:6      | Reached skill level 7 in Long Blades
 11021 | D:7      | Reached skill level 5 in Spellcasting
 11106 | D:7      | Noticed Menkaure
 11373 | D:7      | Reached skill level 8 in Long Blades
 11431 | D:7      | Killed Menkaure
 11612 | D:7      | Reached XP level 10. HP: 68/73 MP: 0/0
 12049 | D:2      | Bought a slimy ring mail for 243 gold pieces
 12049 | D:2      | Identified the +5 ring mail of the Distant Future {Harm
                  | rPois rF+ Dex-2} (You bought it in a shop on level 2 of the
                  | Dungeon)
 12463 | D:8      | Noticed Maurice
 12502 | D:8      | Reached skill level 9 in Long Blades
 12674 | D:8      | Killed Maurice
 12777 | D:8      | Noticed a two-headed ogre
 12785 | D:8      | Found Buoth's Weapon Emporium.
 12970 | D:8      | Killed a two-headed ogre
 13521 | D:9      | Found a glowing silver altar of Zin.
 13731 | D:9      | Reached skill level 10 in Long Blades
 13910 | D:9      | Noticed a yaktaur captain
 13911 | D:9      | Found a transporter.
 13911 | D:9      | Noticed a cyclops
 13915 | D:9      | Found a transporter.
 13928 | D:9      | Noticed sizableburger's ghost (journeyman NaEE)
 14100 | D:9      | Noticed a two-headed ogre
 14254 | D:9      | Killed a two-headed ogre
 14255 | D:9      | Reached XP level 11. HP: 29/82 MP: 0/0
 14255 | D:9      | Learned a level 4 spell: Sticky Flame
 14560 | D:10     | Entered Level 10 of the Dungeon
 14578 | D:10     | Found Garcharch's Jewellery Shoppe.
 14622 | D:10     | Noticed Harold
 14646 | D:10     | Killed Harold
 14988 | D:10     | Reached skill level 11 in Long Blades
 15006 | D:10     | Found a staircase to the Lair.
 15040 | D:10     | Noticed Erolcha
 15052 | D:10     | Found a flagged portal.
 15062 | Bailey   | Entered a bailey
 15416 | Bailey   | Noticed an orc knight
 15439 | Bailey   | Killed an orc knight
 15931 | D:10     | Noticed Grum
 16096 | D:10     | Killed Grum
 16107 | D:10     | Noticed a two-headed ogre
 16740 | D:10     | Noticed a six-headed hydra
 16740 | D:10     | Noticed an eight-headed hydra
 17040 | D:9      | Killed Erolcha
 17530 | D:10     | Noticed a manticore
 18049 | D:10     | Noticed a two-headed ogre
 18205 | D:10     | Noticed a two-headed ogre
 18217 | D:9      | Killed a two-headed ogre
 18218 | D:9      | Reached XP level 12. HP: 72/90 MP: 0/0
 18309 | D:9      | Killed a two-headed ogre
 18310 | D:9      | Reached skill level 12 in Long Blades
 18722 | D:10     | Noticed a centaur warrior
 18839 | D:9      | Killed an eight-headed hydra
 19175 | D:10     | Killed a two-headed ogre
 19422 | D:10     | Noticed a two-headed ogre
 19455 | D:9      | Killed a two-headed ogre
 19456 | D:9      | Reached skill level 10 in Fighting
 19708 | D:10     | Noticed a catoblepas
 19710 | Lair:1   | Entered Level 1 of the Lair of Beasts
 19711 | Lair:1   | Noticed a five-headed hydra
 19733 | D:10     | Killed a catoblepas
 19792 | D:10     | Noticed a five-headed hydra
 19806 | D:10     | Killed a five-headed hydra
 19983 | D:10     | Killed a six-headed hydra
 20320 | D:10     | Reached skill level 13 in Long Blades
 20439 | D:10     | Killed a centaur warrior
 20566 | D:10     | Noticed a two-headed ogre
 20573 | D:10     | Killed a two-headed ogre
 20949 | D:10     | Reached XP level 13. HP: 84/97 MP: 0/0
 20949 | D:10     | Learned a level 5 spell: Irradiate
 22664 | Lair:1   | Noticed Erica
 22677 | Lair:1   | Killed Erica
 23762 | Lair:1   | Reached skill level 14 in Long Blades
 24434 | Lair:2   | Noticed a five-headed hydra
 24435 | Lair:2   | Noticed Sonja
 24455 | Lair:1   | Killed a five-headed hydra
 24616 | Lair:2   | Killed Sonja
 25774 | Lair:2   | Noticed a seven-headed hydra
 25783 | Lair:2   | Killed a seven-headed hydra
 25784 | Lair:2   | Reached skill level 1 in Armour
 25784 | Lair:2   | Reached skill level 1 in Dodging
 26713 | Lair:3   | Identified a scroll of acquirement
 26714 | Lair:3   | Acquired the +4 double sword of Terror {speed, Fly rCorr
                  | Str+2}
 26717 | Lair:3   | Found a runed translucent door.
 26751 | Lair:3   | Reached XP level 14. HP: 107/107 MP: 0/0
 26759 | Lair:3   | Found a staircase to the Shoals.
 26999 | Lair:3   | Found a hole to the Spider Nest.
 28206 | Lair:4   | You are sucked into a shaft and drop 2 floors!
 28206 | Lair:6   | Entered Level 6 of the Lair of Beasts
 28744 | Lair:4   | Reached skill level 10 in Spellcasting
 29305 | Lair:4   | Identified the +5 rapier of Irritation {flame, rElec rPois
                  | Will+ Int+4}
 29470 | Lair:4   | Reached skill level 5 in Dodging
 30299 | Lair:5   | Identified the +5 scimitar "Pendulum" {freeze, rN+ Will+}
 31050 | Lair:5   | Reached skill level 5 in Armour
 31644 | Lair:6   | Reached XP level 15. HP: 55/114 MP: 0/0
 31644 | Lair:6   | Learned a level 6 spell: Eringya's Noxious Bog
 32050 | Lair:5   | HP: 5/114 [blink frog (7)]
 33647 | Lair:6   | Reached skill level 15 in Long Blades
 34575 | Lair:6   | Found a staircase to the Slime Pits.
 35359 | Lair:6   | Found a staircase to the Slime Pits.
 36443 | D:11     | Noticed Fannar
 36483 | D:11     | Killed Fannar
 37439 | D:12     | Reached XP level 16. HP: 101/122 MP: 0/0
 37568 | D:12     | Found a staircase to the Orcish Mines.
 37685 | D:12     | Noticed Rupert
 38144 | D:12     | Noticed Gastronok
 38338 | D:12     | Identified the +5 great sword "Fosooh" {drain, rF+ rC++
                  | rN+}
 38360 | D:11     | Killed Gastronok
 38654 | D:12     | Killed Rupert
 40717 | D:14     | Found an iron altar of Okawaru.
 40815 | D:14     | Noticed Roxanne
 40962 | D:14     | Found a gate to the Vaults.
 41079 | D:14     | Noticed Louise
 41256 | Temple   | Entered the Ecumenical Temple
 41527 | Temple   | Fell from the grace of Ignis
 41527 | Temple   | Became a worshipper of Warmaster Okawaru
 41810 | Orc:1    | Entered Level 1 of the Orcish Mines
 42051 | Orc:2    | Entered Level 2 of the Orcish Mines
 42184 | Orc:2    | Noticed Urug
 42200 | Orc:2    | Killed Urug
 42576 | Orc:2    | Reached skill level 16 in Long Blades
 42619 | Orc:2    | Slain by a two-headed ogre

Illustrated notes

Levels and vault maps discovered:
D:1:      co_arrival_square_in_a_square_in_a_square, layout_loops_ring,
          ebering_ecumenical_altar_webs
D:2:      layout_basic, basic_altar, serial_shops, shop_coins
D:3:      layout_loops_ring, kennysheep_generic_room_5, uniq_natasha
D:4:      layout_cave_pools, kennysheep_generic_room_11
D:5:      layout_basic
D:6:      layout_cave_pools, minmay_temple_entry_antechambers,
          minmay_misc_feat_tiny
D:7:      layout_rooms, grunt_tough_drop, uniq_menkaure
D:8:      layout_loops_cross, nicolae_inconvenience_store, uniq_maurice
D:9:      layout_gridville, lemuel_tele_altar, gammafunk_ghost_arena
D:10:     minmay_the_grid_3x3 [minmay_the_grid_holed_spiral,
          minmay_the_grid_large_cup, minmay_the_grid_mess,
          minmay_the_grid_medium_cups, minmay_the_grid_minigrid_small_alt,
          minmay_the_grid_rooms, minmay_the_grid_odd_star,
          minmay_the_grid_zigzag_pyramid, minmay_the_grid_prize_big_room],
          layout_basic, lair_entry_dummy, special_room [special_room_orc],
          enter_bailey_3, serial_shops, shop, patterned_corridor, uniq_erolcha,
          uniq_grum, uniq_harold
D:11:     layout_loops_ring, uniq_fannar
D:12:     layout_small_grid, minmay_orc_entry_temple_small, uniq_gastronok,
          uniq_rupert
D:13:     layout_roguey, kennysheep_small_circle
D:14:     layout_basic, david_vaults_1, okawaru_trees_2,
          nicolae_straight_to_the_point, uniq_louise, uniq_roxanne, uniq_snorg
Temple:   mainiacjoe_temple_circle_huts
Lair:1:   layout_cave_pods, nicolae_quartered_pool_medium, uniq_erica
Lair:2:   layout_long_grid, gauntlet_entry_generic, beast_lair_carwin_9,
          uniq_sonja
Lair:3:   dreamdust_labyrinth, layout_long_grid, shoals_dummy_entry,
          nicolae_spider_entry_tight_spaces
Lair:4:   layout_loops_ring, basic_altar
Lair:5:   layout_roguey, kennysheep_basilisk_garden, grunt_megastairs_2
Lair:6:   minmay_lair_end_enchanted_forest, layout_cave_pods,
          nicolae_slime_entry_slimehenge, minmay_lindwurm_lava
Orc:1:    layout_caves
Orc:2:    st_orc_ogre_mass, layout_diamond_mine, basic_altar,
          nicolae_orc_sculptors_studio, uniq_urug, uniq_nessos

Skill      XL: |  1  2  3  4  5  6  7  8  9 10 11 12 13 14 15 16 |
---------------+-------------------------------------------------+-----
Long Blades    | 3 4 5 6 8 10 11 13 14 15 16 | 16.0
Spellcasting   | 3 4 5 6 7 8 9 10 11 | 11.1
Fighting       | 4 5 6 8 9 10 12 13 14 | 14.1
Shields        | 1 3 4 |  4.0
Armour         | 2 5 6 7 |  7.7
Dodging        | 2 5 7 8 |  8.6

Action                   |  1- 3 |  4- 6 |  7- 9 | 10-12 | 13-15 | 16-18 || total
-------------------------+-------+-------+-------+-------+-------+-------++-------
Melee: Falchion          |    67 |    54 |       |       |       |       ||   121
       Punch             |     1 |       |       |       |       |       ||     1
       Short sword       |       |     4 |     3 |       |       |       ||     7
       Long sword        |       |       |       |   190 |    28 |       ||   218
       Scimitar          |       |       |       |       |   148 |    15 ||   163
       Double sword      |       |       |       |       |   803 |   333 ||  1136
       Demon blade       |       |       |       |       |    71 |       ||    71
Throw: Boomerang         |       |       |     8 |     3 |       |       ||    11
 Cast: Scorch            |    21 |    43 |   108 |   208 |   178 |     2 ||   560
       Searing Ray       |       |     3 |    36 |    17 |     6 |       ||    62
       Portal Projectile |       |       |     1 |       |       |       ||     1
       Shock             |       |       |    16 |     7 |     1 |       ||    24
       Anguish           |       |       |       |    11 |     1 |     5 ||    17
       Sticky Flame      |       |       |       |    41 |    52 |     2 ||    95
       Eringya's Noxious |       |       |       |       |     2 |     1 ||     3
Invok: Foxfire Swarm     |       |       |     2 |     3 |     2 |       ||     7
       Fiery Armour      |       |       |       |     1 |       |     1 ||     2
Evoke: Wand              |       |       |     4 |     8 |     6 |     5 ||    23
       Piece from Xom's  |       |       |       |     1 |     2 |       ||     3
  Use: Scroll            |       |     6 |    10 |     9 |     8 |     2 ||    35
       Potion            |       |       |       |       |     2 |     1 ||     3
 Stab: Paralysed         |       |       |       |       |     4 |       ||     4
Armor: Robe              |    26 |    27 |     5 |       |       |       ||    58
       Leather armour    |       |       |    55 |   132 |   422 |    53 ||   662
       Troll leather arm |       |       |       |    31 |       |       ||    31
       Acid dragon scale |       |       |       |     7 |       |       ||     7
Dodge: Dodged            |    56 |    48 |    85 |   273 |   535 |   106 ||  1103
Block: Buckler           |       |       |    46 |   140 |   316 |   156 ||   658
       Reflection        |       |       |       |       |     1 |     8 ||     9
